 Dungeon Crawl Stone Soup version 0.32-a0-612-g1c984fe9d1 (webtiles) character file.

Game seed: 11857043709388330582

1706 Maxmaps the Trooper (level 8, -3/65 HPs)
             Began as a Demonspawn Monk on Mar 5, 2024.
             Killed from afar by an electric eel (5 damage)
             ... with a bolt of electricity
             ... on level 6 of the Dungeon.
             The game lasted 00:09:12 (4836 turns).

Maxmaps the Trooper (Demonspawn Monk)               Turns: 4836, Time: 00:09:12

Health: -3/65      AC:  7    Str: 11    XL:     8   Next: 73%
Magic:  8/8        EV: 11    Int: 16    God:
Gold:   244        SH:  0    Dex: 16    Spells: 7/7 levels left

rFire   . .          .
                       - Unarmed
rCold   + . .        (no shield)
rNeg    . . .        g - +0 ring mail
rPois   .            (helmet currently unavailable)
rElec   .            (cloak currently unavailable)
rCorr   .            (gloves currently unavailable)
SInv    .            (boots currently unavailable)
Will    .....        (no amulet)
Stlth   ++           k - ring of Wotzezal {rC+ Int+3 Slay+6 Stlth+}
HPRegen 0.30/turn    (no ring)
MPRegen 0.11/turn

%: no passive effects
@: beast-form, wreathed by umbra
A: beast (slay +2), molten scales 1, demonic magic 2, demonic touch 1, foul
shadow 1
a: Begin Untransformation


You were on level 6 of the Dungeon.
You were a hulking beast.
You visited 1 branch of the dungeon, and saw 6 of its levels.

You collected 244 gold pieces.

Inventory:

Armour
 a - a +0 robe
 c - an orb of light
 d - the +0 pair of gloves of Snakes and Ladders {-Tele rElec rC+ Slay+2}
   (You found it on level 3 of the Dungeon)

   Slay+2:    It affects your accuracy & damage with ranged weapons and melee
   (+2).
   rC+:       It protects you from cold.
   rElec:     It insulates you from electricity.
   -Tele:     It prevents most forms of teleportation.
 g - a +0 ring mail (worn)
 j - a +0 pair of boots
 u - a +1 pair of boots
Jewellery
 k - the ring of Wotzezal (left hand) {rC+ Int+3 Slay+6 Stlth+}
   (You found it on level 2 of the Dungeon)

   [ring of protection from cold]

   Int+3:     It affects your intelligence (+3).
   Slay+6:    It affects your accuracy & damage with ranged weapons and melee
   (+6).
   rC+:       It protects you from cold.
   Stlth+:    It makes you more stealthy.
Talismans
 e - a beast talisman (active)
 n - a flux talisman
 v - a blade talisman
Wands
 q - a wand of iceblast (9)
Scrolls
 h - a scroll of fear
 o - a scroll of vulnerability
 r - a scroll of identify
 s - a scroll of torment {unknown}
 t - a scroll of brand weapon {unknown}
Potions
 b - 2 potions of ambrosia
 f - 3 potions of brilliance
 i - a potion of mutation
 l - 3 potions of heal wounds
 m - 2 potions of enlightenment
 p - a potion of invisibility {unknown}


   Skills:
 - Level 6.3 Fighting
 - Level 3.0 Armour
 - Level 3.1 Dodging
 + Level 1.2 Stealth
 - Level 6.0 Unarmed Combat
 - Level 5.1 Shapeshifting


You had 7 spell levels left.
You didn't know any spells.
Your spell library contained the following spells:

 Spells                   Type           Power      Damage    Failure   Level
 Jinxbite                 Hex            0%         N/A       65%         2
 Sublimation of Blood     Necr           0%         N/A       65%         2
 Ozocubu's Armour         Ice            0%         N/A       86%         3
 Petrify                  Alch/Erth      0%         N/A       99%         4
 Irradiate                Conj/Alch      0%         3d11      100%        5
 Metabolic Englaciation   Hex/Ice        0%         N/A       100%        5
 Yara's Violent Unravell  Hex/Alch       0%         3d3       100%        5
 Sculpt Simulacrum        Ice/Alch       0%         N/A       100%        6
 Enfeeble                 Hex            0%         N/A       100%        7


Dungeon Overview and Level Annotations

Branches:
Dungeon (6/15)
 Temple: D:4-7

Altars:
Dithmenos
Qazlal

Shops:
D:1 :

Annotations:
D:3 1 runed translucent door, holysushi's ghost, amateur CoMo


Innate Abilities, Weirdness & Mutations

You are a hulking beast.
Your limbs bulge with bestial killing power. (Slay +2)
You are partially covered in molten scales. (AC +2)
Spells you cast may paralyse nearby enemies.
Your touch may inflict minor irresistible damage on your foes.
You are faintly shadowed, very rarely releasing foul flame when damaged in melee.


Message History

The bolt of electricity hits the plant!
The bolt of electricity hits you!
You start resting.
HP restored.
You enter the shallow water.
Moving in this stuff is going to be slow.
You see here a +1 pair of boots.
u - a +1 pair of boots You see here a blade talisman.
v - a blade talisman Unknown command.
There is an open door here.
An electric eel comes into view.
The electric eel shoots out a bolt of lightning at you!
The bolt of electricity hits you!
There are monsters nearby!
There are monsters nearby!
You enter the shallow water.
Moving in this stuff is going to be slow.
An orc comes into view. It is wielding a +0 dagger.
The electric eel shoots out a bolt of lightning at you!
The bolt of electricity hits you!
An orc comes into view. It is wielding a +0 falchion.
The orc shouts!
You hear a shout!
The orc hits the plant with a +0 dagger.
The plant begins to die.
The electric eel shoots out a bolt of lightning at you!
The bolt of electricity hits you!
The electric eel shoots out a bolt of lightning at you!
The bolt of electricity hits you!
The electric eel shoots out a bolt of lightning at you!
The bolt of electricity hits you.
You hear a splashing noise.
The electric eel shoots out a bolt of lightning at you!
The bolt of electricity hits you!
* * * LOW HITPOINT WARNING * * *
The bolt of electricity hits you!
* * * LOW HITPOINT WARNING * * *
The electric eel shoots out a bolt of lightning at you!
The bolt of electricity hits you.
You die...

#.# ~~≈≈≈≈≈
#.#♣♣~≈≈≈≈≈≈
#...P~~≈≈≈≈≈
##..♣~≈≈≈≈≈≈
#.♣♣S≈≈≈≈≈≈
#.♣~~~~≈≈≈≈
#.♣~~~≈≈≈≈≈
#.♣~~~S≈≈≈≈
#.h.♣~~≈≈≈≈
###♣♣~~~~~≈


♣PoPo ~~P~ ~P♣ ~~ You could see 2 electric eels.

Vanquished Creatures
  Sigmund (D:4)
  Edmund (D:5)
  Menkaure (D:4)
  A black bear (D:5)
  An ice beast (D:5)
  2 ogres (D:4)
  A centaur (D:5)
  A phantom (D:5)
  3 scorpions
  A jelly (D:5)
  An electric eel (D:6)
  3 bombardier beetles (D:5)
  2 hounds (D:5)
  2 gnoll boudas
  4 iguanas
  An orc wizard (D:3)
  6 gnolls
  8 adders
  2 ufetubi (D:6)
  A dart slug (D:5)
  2 ribbon worms
  7 orcs
  5 endoplasms
  3 giant cockroaches
  4 goblins
  4 hobgoblins
  4 jackals (D:3)
  4 kobolds
  2 quokkas (D:2)
  7 ball pythons
  2 bats
  4 frilled lizards
  A rat (D:3)
92 creatures vanquished.

Notes
Turn   | Place    | Note
-------+----------+-------------------------------------------
     0 | D:1      | Maxmaps the Demonspawn Monk began the quest for the Orb.
     0 | D:1      | Reached XP level 1. HP: 18/18 MP: 1/1
   127 | D:1      | Gained mutation: Spells you cast may paralyse adjacent
                  | enemies. [demonic ancestry]
   127 | D:1      | Reached XP level 2. HP: 24/24 MP: 2/2
   164 | D:1      | Found Vixuttin's Vocational Training.
   374 | D:2      | Reached skill level 1 in Shapeshifting
   579 | D:2      | Found a faded altar of an unknown god.
   666 | D:2      | Reached XP level 3. HP: 27/29 MP: 3/3
   711 | D:2      | Identified the ring of Wotzezal {rC+ Int+3 Slay+6 Stlth+}
   918 | D:2      | Identified the +4 mace "Goblinbane" {heavy, Int+2}
  1084 | D:3      | Found a shadowy altar of Dithmenos.
  1180 | D:3      | Found a runed translucent door.
  1180 | D:3      | Noticed holysushi's ghost (amateur CoMo)
  1228 | D:3      | Gained mutation: You are faintly shadowed, very rarely
                  | releasing foul flame when damaged in melee. [demonic
                  | ancestry]
  1228 | D:3      | Reached XP level 4. HP: 28/35 MP: 4/4
  1291 | D:3      | Identified the +0 pair of gloves of Snakes and Ladders
                  | {-Tele rElec rC+ Slay+2}
  1858 | D:4      | Noticed an ogre
  1891 | D:4      | Gained mutation: Spells you cast may paralyse nearby
                  | enemies. [demonic ancestry]
  1891 | D:4      | Reached XP level 5. HP: 10/41 MP: 5/5
  2077 | D:4      | Noticed Menkaure
  2085 | D:4      | Killed Menkaure
  2086 | D:4      | Gained mutation: Your touch may inflict minor irresistible
                  | damage on your foes. [demonic ancestry]
  2086 | D:4      | Reached XP level 6. HP: 29/47 MP: 6/6
  2199 | D:4      | Identified the +4 trident of the Blessed Realm {heavy, rN+
                  | Str-2 Dex+3 Stlth+}
  2230 | D:4      | Reached skill level 5 in Shapeshifting
  2512 | D:4      | Noticed Sigmund
  2518 | D:4      | Killed Sigmund
  2519 | D:4      | Reached XP level 7. HP: 37/52 MP: 7/7
  2731 | D:5      | Entered Level 5 of the Dungeon
  2737 | D:5      | Reached skill level 5 in Unarmed Combat
  3337 | D:5      | Reached skill level 1 in Armour
  3337 | D:5      | Noticed Edmund
  3348 | D:5      | Killed Edmund
  3349 | D:5      | Gained mutation: You are partially covered in molten
                  | scales. (AC +2) [demonic ancestry]
  3349 | D:5      | Reached XP level 8. HP: 12/56 MP: 8/8
  3801 | D:5      | Found a stormy altar of Qazlal.
  3949 | D:5      | Reached skill level 5 in Fighting
  4663 | D:6      | Reached skill level 1 in Stealth
  4836 | D:6      | HP: 2/65 [electric eel/bolt of electricity (9)]
  4836 | D:6      | Killed from afar by an electric eel

Illustrated notes

Levels and vault maps discovered:
D:1:      wander_arrival_desolate, layout_rooms, nicolae_shop_vocational
D:2:      layout_loops_cross, ebering_ecumenical_altar_petrified
D:3:      layout_loops_cross, nicolae_dithmenos_the_darkroom,
          gammafunk_ghost_grave
D:4:      layout_cave_pools, kennysheep_small_circle, uniq_sigmund,
          uniq_menkaure
D:5:      layout_loops_corners, kennysheep_mini_moat, uniq_edmund
D:6:      layout_basic, serial_bayou, serial_bayou_lake_a, serial_bayou_pond_e,
          serial_bayou_pond_a, serial_bayou_crossing, serial_bayou_pond_d,
          uniq_pikel, uniq_prince_ribbit1, uniq_crazy_yiuf_cottage, uniq_grinder

Skill      XL: |  1  2  3  4  5  6  7  8 |
---------------+-------------------------+-----
Dodging        | 3 |  3.1
Shapeshifting  | 1 2 3 4 5 |  5.1
Unarmed Combat | 4 6 |  6.0
Armour         | 2 3 |  3.0
Fighting       | 6 |  6.3
Stealth        | 1 |  1.2

Action                     |  1- 3 |  4- 6 |  7- 9 || total
---------------------------+-------+-------+-------++-------
  Melee: Unarmed           |    88 |    71 |    95 ||   254
         Touch             |       |     7 |    17 ||    24
         Punch             |       |     1 |     4 ||     5
    Use: Scroll            |       |     7 |     5 ||    12
         Potion            |       |     1 |     1 ||     2
   Stab: Sleeping          |     1 |       |     2 ||     3
 Armour: Robe              |    37 |    28 |    19 ||    84
         Ring mail         |       |       |    38 ||    38
  Dodge: Dodged            |    50 |    56 |    57 ||   163
   Form: Beast             |     1 |       |       ||     1

Table legend: (Time is in decaauts)
 A = Elapsed time spent in this place.
 B = Non-inter-level travel time spent in this place.
 C = Inter-level travel time spent in this place.
 D = Time resting spent in this place.
 E = Time spent auto-exploring this place.
 F = Levels seen in this place.
 G = Mean time per level.
                   A        B        C        D        E       F      G
               +--------+--------+--------+--------+--------+-----+--------+
         Total |   4781 |   4448 |    333 |    681 |   3029 |   6 |  796.8 |
       Dungeon |   4781 |   4448 |    333 |    681 |   3029 |   6 |  796.8 |
               +--------+--------+--------+--------+--------+-----+--------+

Top non-repeatable levels by time:
     D:5: 1318 daAuts
     D:3: 1092 daAuts
     D:4: 965 daAuts
     D:2: 699 daAuts
     D:1: 368 daAuts
     D:6: 337 daAuts
